 Dungeon Sprint DCSS version 0.27-a0-1084-g78b3836a5f (webtiles) character file.

Game seed: 400334068928709867

3498 mhtbhm the Imperceptible (level 9, 0/45 (47) HPs)
             Began as a Spriggan Brigand on Apr 26, 2021.
             Was the Champion of Dithmenos.
             Killed from afar by Josephine (21 damage)
             ... with a ghostly fireball
             ... in the Dungeon (Sprint V: "Ziggurat Sprint").
             The game lasted 00:04:51 (904 turns).

mhtbhm the Imperceptible (Spriggan Brigand)          Turns: 904, Time: 00:04:51

HP:   0/45 (47)     AC:  5    Str: 18    XL:     9   Next: 80%
MP:   10/10         EV: 20    Int: 18    God:    Dithmenos [******]
Gold: 0             SH:  0    Dex: 24    Spells: 8/8 levels left

rFire    + . .     SeeInvis +   a - +5 quick blade (flame)
rCold    + + .     Faith    .   (shield restricted)
rNeg     . . .     Spirit   .   b - +2 robe of Vines {NoPotionHeal Regen+++}
rPois    .         Reflect  .   (helmet restricted)
rElec    +         Harm     .   c - +0 cloak
rCorr    .         Rampage  .   (gloves unavailable)
Will     +++++     NoTele   +   (boots unavailable) Stlth ********++
                                x - amulet "Yvam" {Acrobat rElec Will+ Str+5 Int+4}
HPRegen  3.15/turn              w - +6 ring of dexterity
MPRegen  0.12/turn              z - ring "Peddagist" {rF+ rC++ Will+++ Str+6}

@: lethally poisoned (0 -> 0), wreathed by umbra, studying 2 skills, lightly
drained, very quick
A: very small, no large weapons, unfitting armour, see invisible, speed 3
a: Renounce Religion, Shadow Step, Shadow Form


You were in the Dungeon.
You worshipped Dithmenos.
Dithmenos was exalted by your worship.
You visited 1 branch

Inventory:

Hand Weapons
 a - a +5 quick blade of flaming (weapon)
Missiles
 d - 8 poisoned darts (quivered)
 e - 2 curare-tipped darts
Armour
 b - the +2 robe of Vines (worn) {NoPotionHeal Regen+++}
   (You found it in the Dungeon)

   It increases your rate of health regeneration.
 c - a +0 cloak (worn)
Jewellery
 w - a +6 ring of dexterity (left hand)
 x - the amulet "Yvam" (around neck) {Acrobat rElec Will+ Str+5 Int+4}
   (You found it in the Dungeon)

   [amulet of the acrobat]

   It increases your evasion while moving and waiting.
   It affects your strength (+5).
   It affects your intelligence (+4).
   It insulates you from electricity.
   It increases your willpower.
 z - the ring "Peddagist" (right hand) {rF+ rC++ Will+++ Str+6}
   (You found it in the Dungeon)

   [ring of strength]

   It affects your strength (+6).
   It protects you from fire.
   It greatly protects you from cold.
   It greatly increases your willpower.
 H - a ring of resist corrosion
Wands
 C - a wand of mindburst (2)
 D - a wand of iceblast (2)
 E - a wand of acid (6)
Scrolls
 k - 4 scrolls of blinking
 q - 4 scrolls of amnesia
 r - 7 scrolls of fog
 s - a scroll of holy word
 t - 4 scrolls of identify
 u - a scroll of fear
 y - a scroll of brand weapon
Potions
 f - 10 potions of curing
 g - 11 potions of heal wounds
 h - 7 potions of haste
 i - 7 potions of magic
 j - 3 potions of berserk rage
 l - 2 potions of brilliance
 m - 2 potions of invisibility
 n - 4 potions of resistance
 o - a potion of experience
 p - 5 potions of might
 v - a potion of attraction
Miscellaneous
 A - a tin of tremorstones (1/2)
 B - a box of beasts (inert)
 F - a lightning rod (4/4)


   Skills:
 + Level 5.2 Fighting
 + Level 7.8 Short Blades
 + Level 6.0 Throwing
 + Level 3.8 Dodging
 + Level 25.3 Stealth
 + Level 0.9 Invocations
 + Level 8.7 Evocations


You had 8 spell levels left.
You didn't know any spells.
Your spell library contained the following spells:

 Spells                   Type           Power      Damage    Failure   Level
 Static Discharge         Conj/Air       0%         N/A       32%         2
 Teleport Other           Tloc           0%         N/A       54%         3
 Animate Armour           Summ/Erth      0%         N/A       91%         4
 Leda's Liquefaction      Hex/Erth       0%         N/A       91%         4
 Passage of Golubria      Tloc           N/A        N/A       91%         4
 Bolt of Magma            Conj/Fire/Erth 0%         4d4       99%         5
 Lightning Bolt           Conj/Air       0%         1d11      99%         5
 Dispersal                Tloc           0%         N/A       100%        6
 Iron Shot                Conj/Erth      0%         9d1       100%        6
 Statue Form              Tmut/Erth      0%         N/A       100%        6
 Malign Gateway           Summ/Tloc      0%         N/A       100%        7
 Borgnjor's Revivificati  Necr           0%         N/A       100%        8
 Ignition                 Fire           0%         3d3       100%        8
 Infestation              Necr           0%         N/A       100%        8
 Necromutation            Tmut/Necr      0%         N/A       100%        8
 Death's Door             Necr           0%         N/A       100%        9
 Shatter                  Erth           0%         3d5*      100%        9
 Tornado                  Air            0%         N/A       100%        9


Dungeon Overview and Level Annotations

Branches:
Dungeon (1/1)

Altars:
Ashenzari
Cheibriados
Dithmenos
Elyvilon
Fedhas
Gozag
Hepliaklqana
Kikubaaqudgha
Makhleb
Nemelex Xobeh
Okawaru
Qazlal
Ru
Sif Muna
Trog
Uskayaw
Vehumet
Wu Jian
Xom
Yredelemnul
Zin
The Shining One
Beogh
Jiyva
Lugonu

Annotations:
D Erica, Erolcha, Eustachio, Grinder, Josephine


Innate Abilities, Weirdness & Mutations

You are very small and have problems with some larger weapons.
You are too small for most types of armour.
You have supernaturally acute eyesight. (SInv)
You cover ground extremely quickly. (Speed+++)


Message History

Eustachio blinks!
Grum drinks a potion.
Grum is healed!
Erolcha casts a spell.
Erolcha blinks!
Aiming: Iceblast
Press: ? - help, Shift-Dir - straight line, f - Josephine
Aim: Josephine, wielding a +0 dagger and wearing a +0 robe (moderately wounded, umbra)
The mass of ice explodes!
The iceblast engulfs Josephine!
Josephine is heavily wounded.
The iceblast engulfs Grinder!!
Grinder partially resists.
Grinder is heavily wounded.
The iceblast engulfs Edmund!!
Edmund is heavily wounded.
The iceblast engulfs Grum!!
You kill Grum!
Dithmenos accepts your kill. Erica gestures at you while chanting.
The bolt of poison hits you!!
You are poisoned.
You emit a cloud of dark smoke.
Eustachio zaps a wand.
You resist with almost no effort.
Your tin of tremorstones (1/2) has regained one charge.
Unknown command.
Unknown command.
Aiming: Iceblast
Press: ? - help, Shift-Dir - straight line, f/p - Josephine
Aim: Josephine, wielding a +0 dagger and wearing a +0 robe (heavily wounded, umbra)
The mass of ice explodes!
The iceblast engulfs Josephine!!
Josephine is almost dead.
The iceblast engulfs Edmund!!
Edmund is almost dead.
You feel very sick.
Your juvenile weirdbat beast hits Edmund!
Edmund dies!
Dithmenos accepts your kill.
Eustachio gestures wildly while chanting.
Eustachio blinks!
Josephine gestures at you while chanting.
The ghostly flame explodes!
The ghostly fireball engulfs you!!
You feel drained.
You die...

▓..8©8..▓
▓..)[§:§..▓..}=)..▓
▓...))[...▓..}[...▓
▓....O....▓.......▓
▓....)@...▓.......▓
▓...5.....▓.......▓
▓...H@....▓.......▓
▓.▓..§§.▓.▓.▓...▓.▓
▓...§@§...▓...©...▓
▓▓▓▓▓▓▓▓▓▓▓▓▓▓▓▓▓▓▓


You could see Josephine (ally target), Erica, Erolcha, Grinder and a friendly
juvenile weirdbat beast (summoned).

Vanquished Creatures
  4 draconians (D)
  A cane toad (D)
  A komodo dragon (D)
  Sigmund (D)
  Grum (D)
  A basilisk (D)
  Duvessa (D)
  A hell hound (D)
  2 orc warriors (D)
  A necrophage (D)
  A wolf (D)
  2 phantoms (D)
  Blork the orc (D)
  Dowan (D)
  An iron imp (D)
  Crazy Yiuf (D)
  2 orc priests (D)
  Jessica (D)
  3 orc wizards (D)
  A river rat (D)
  A white imp (D)
  An ufetubus (D)
  An adder skeleton (D)
  2 adder zombies (D)
  2 orcs (D)
  A bat skeleton (D)
  A jackal (D)
  A quokka zombie (D)
38 creatures vanquished.

Vanquished Creatures (collateral kills)
  Edmund (D)
  A ball python skeleton (D)
2 creatures vanquished.

Grand Total: 40 creatures vanquished

Notes
Turn   | Place    | Note
-------+----------+-------------------------------------------
     0 | D        | mhtbhm the Spriggan Brigand began the quest for the Orb.
     0 | D        | Reached XP level 1. HP: 10/10 MP: 2/2
     0 | D        | Found a shimmering blue altar of Sif Muna.
     0 | D        | Found a bloodstained altar of Trog.
     0 | D        | Found a sacrificial altar of Ru.
     0 | D        | Found a stormy altar of Qazlal.
     0 | D        | Found an iron altar of Okawaru.
     1 | D        | Found a sparkling altar of Nemelex Xobeh.
     1 | D        | Found a blossoming altar of Fedhas.
     2 | D        | Found the +6 Majin-Bo {vamp, MP+6 Int+6}
     2 | D        | Found the +9 heavy crossbow "Sniper" {vorpal, Acc+∞ SInv}
     2 | D        | Found the +10 dark maul {vorpal}
     2 | D        | Found the +15 Maxwell's patent armour {-Cast -Tele rElec
                  | Will+ rCorr}
     2 | D        | Found the +18 shield of the Gong {rElec rN+ Will+ EV-5}
     2 | D        | Found the +14 obsidian axe {vorpal, Drain Fly SInv}
     2 | D        | Found the +7 great mace "Firestarter" {inner flame, rF++}
     2 | D        | Found the +6 shillelagh "Devastator" {shatter}
     2 | D        | Found the +11 plutonium sword {Contam Stlth-}
     2 | D        | Found the +8 lance "Wyrmbane" {slay drac, rPois rF+ rC+
                  | AC+3}
     2 | D        | Found the +9 sword of Zonguldrok {reap}
     2 | D        | Found the +13 scythe of Curses {drain, Drain}
     2 | D        | Found the +5 sword of Power {vorpal}
     2 | D        | Found the +7 mace of Variability {chain chaos}
     2 | D        | Found the +7 Singing Sword {vorpal, sonic wave}
     2 | D        | Found the +8 storm bow {elec, penet}
     3 | D        | Found a transporter.
     3 | D        | Found an ancient bone altar of Kikubaaqudgha.
     3 | D        | Found a viscous altar of Jiyva.
     3 | D        | Found a corrupted altar of Lugonu.
     3 | D        | Found a hazy altar of Hepliaklqana.
     3 | D        | Found a burning altar of Makhleb.
     3 | D        | Found an opulent altar of Gozag.
    57 | D        | Became a worshipper of Dithmenos the Shadowed
    65 | D        | Entered arena 2.
    65 | D        | Found a transporter.
    69 | D        | Reached skill level 6 in Stealth
    71 | D        | Reached skill level 7 in Stealth
    79 | D        | Entered arena 3.
    79 | D        | Noticed a phantom
    79 | D        | Found a transporter.
    81 | D        | Reached * piety under Dithmenos
    82 | D        | Killed a phantom
    83 | D        | Reached skill level 12 in Stealth
    83 | D        | Reached skill level 1 in Evocations
    83 | D        | Reached XP level 2. HP: 16/16 MP: 3/3
    83 | D        | Reached XP level 3. HP: 19/19 MP: 4/4
    83 | D        | Reached XP level 4. HP: 23/23 MP: 5/5
    90 | D        | Got the ring "Ziel Ewk" {rF+ rC- rCorr SInv}
   209 | D        | Entered arena 4.
   209 | D        | Noticed a draconian
   209 | D        | Noticed a draconian
   209 | D        | Noticed a draconian
   209 | D        | Noticed a draconian
   209 | D        | Found a transporter.
   214 | D        | Killed a draconian
   214 | D        | Reached ** piety under Dithmenos
   215 | D        | Reached skill level 5 in Short Blades
   215 | D        | Reached skill level 18 in Stealth
   215 | D        | Reached XP level 5. HP: 29/29 MP: 6/6
   215 | D        | Reached XP level 6. HP: 33/33 MP: 7/7
   225 | D        | Killed a draconian
   226 | D        | Reached skill level 20 in Stealth
   226 | D        | Reached XP level 7. HP: 37/37 MP: 8/8
   227 | D        | Killed a draconian
   228 | D        | Reached skill level 5 in Throwing
   228 | D        | Reached skill level 21 in Stealth
   228 | D        | Reached skill level 5 in Evocations
   228 | D        | Reached XP level 8. HP: 42/42 MP: 9/9
   229 | D        | Killed a draconian
   229 | D        | Reached *** piety under Dithmenos
   230 | D        | Reached skill level 22 in Stealth
   342 | D        | Entered arena 5.
   342 | D        | Found a transporter.
   350 | D        | Reached **** piety under Dithmenos
   366 | D        | Entered arena 6.
   366 | D        | Noticed Sigmund
   366 | D        | Noticed Jessica
   366 | D        | Noticed Blork the orc
   366 | D        | Noticed Crazy Yiuf
   366 | D        | Noticed Dowan
   366 | D        | Found a transporter.
   368 | D        | Killed Crazy Yiuf
   369 | D        | Killed Sigmund
   371 | D        | Killed Jessica
   373 | D        | Killed Dowan
   374 | D        | Killed Blork the orc
   375 | D        | Reached skill level 23 in Stealth
   375 | D        | Reached XP level 9. HP: 43/46 MP: 5/10
   418 | D        | Entered arena 7.
   418 | D        | Noticed a komodo dragon
   418 | D        | Noticed a cane toad
   419 | D        | Found a transporter.
   421 | D        | Killed a cane toad
   422 | D        | Reached skill level 5 in Fighting
   422 | D        | Killed a komodo dragon
   422 | D        | Reached ***** piety under Dithmenos
   423 | D        | Reached skill level 24 in Stealth
   449 | D        | Got the Collected Works on the Voyage
   503 | D        | Entered arena 8.
   515 | D        | Reached ****** piety under Dithmenos
   667 | D        | Found a transporter.
   673 | D        | Got the ring "Peddagist" {rF+ rC++ Will+++ Str+6}
   748 | D        | Entered arena 9.
   749 | D        | Found the +2 robe of Vines {NoPotionHeal Regen+++}
   749 | D        | Found a transporter.
   755 | D        | Reached skill level 25 in Stealth
   762 | D        | Got the amulet "Yvam" {Acrobat rElec Will+ Str+5 Int+4}
   899 | D        | Entered arena 10.
   899 | D        | Noticed Duvessa
   899 | D        | Noticed Edmund
   899 | D        | Noticed Erica
   899 | D        | Noticed Erolcha
   899 | D        | Noticed Eustachio
   899 | D        | Noticed Grum
   899 | D        | Noticed Grinder
   899 | D        | Noticed Josephine
   901 | D        | Killed Duvessa
   903 | D        | Killed Grum
   904 | D        | Killed Edmund
   904 | D        | Killed from afar by Josephine

Illustrated notes

Levels and vault maps discovered:
D:        sprint_v [room_start, room_1, room_2, room_3, room_4, room_5, room_6,
          room_7, room_8, room_9, room_10, room_11, room_12, room_13, room_14,
          room_15, room_16, room_17, room_18, room_19, room_20, room_21,
          room_22, room_23, room_24, room_25, room_26, room_27]

Skill      XL: |  1  2  3  4  5  6  7  8  9 |
---------------+----------------------------+-----
Stealth        | 12 18 20 21 23 25 | 25.3
Fighting       | 2 3 4 5 |  5.2
Short Blades   | 3 5 6 7 |  7.8
Evocations     | 1 3 4 5 6 8 |  8.7
Throwing       | 4 5 6 |  6.0
Dodging        | 2 3 |  3.8
Invocations    | |  0.9

Action                   |  1- 3 |  4- 6 |  7- 9 || total
-------------------------+-------+-------+-------++-------
Melee: Quick blade       |     2 |     1 |    32 ||    35
Invok: Shadow Step       |       |       |     3 ||     3
Evoke: Lightning rod     |     3 |       |     4 ||     7
       Wand              |       |     5 |     6 ||    11
       Tin of tremorston |       |       |     4 ||     4
       Box of beasts     |       |       |     2 ||     2
  Use: Scroll            |       |     1 |     2 ||     3
 Stab: Sleeping          |     2 |     1 |    18 ||    21
Dodge: Dodged            |       |     1 |    11 ||    12

Table legend: (Time is in decaauts)
 A = Elapsed time spent in this place.
 B = Non-inter-level travel time spent in this place.
 C = Inter-level travel time spent in this place.
 D = Time resting spent in this place.
 E = Time spent auto-exploring this place.
 F = Levels seen in this place.
 G = Mean time per level.
                   A        B        C        D        E       F      G
               +--------+--------+--------+--------+--------+-----+--------+
         Total |    809 |    809 |      0 |    588 |      0 |   1 |  809.0 |
       Dungeon |    809 |    809 |      0 |    588 |      0 |   1 |  809.0 |
               +--------+--------+--------+--------+--------+-----+--------+

Top non-repeatable levels by time:
       D: 809 daAuts
